 Dungeon Crawl Stone Soup version 0.31-a0-845-g9abc20d24f (webtiles) character file.

Game seed: 9192247718694932800

968 LeprechaunX the Changeling (level 8, -6/48 HPs)
             Began as an Octopode Shapeshifter on Sept 29, 2023.
             Was a Priest of Hepliaklqana.
             Shot with a sling bullet by Joseph (12 damage)
             ... on level 7 of the Dungeon on Oct 2, 2023.
             The game lasted 00:06:42 (4315 turns).

LeprechaunX the Changeling (Octopode Shapeshifter)  Turns: 4315, Time: 00:06:43

Health: -6/48      AC:  1    Str: 15    XL:     8   Next: 16%
Magic:  7/8        EV: 14    Int: 13    God:    Hepliaklqana [***...]
Gold:   171        SH:  0    Dex: 17    Spells: 7/7 levels left

rFire   . .          .
                       - Unarmed
rCold   . . .        (no shield)
rNeg    . . .        (helmet currently unavailable)
rPois   .            (no amulet)
rElec   .            y - +6 ring of dexterity
rCorr   .            (no ring)
SInv    .            (no ring)
Will    .....        (no ring)
Stlth   +++          (no ring)
HPRegen 0.28/turn    (no ring)
MPRegen 0.11/turn    (no ring)
                     (no ring)

%: no passive effects
@: beast-form
A: beast (slay +3), reduced essence, almost no armour, amphibious, 8 rings,
camouflage 1, gelatinous body 1, (nimble swimmer 1), tentacles
a: Begin Untransformation, Renounce Religion, Recall Ancestor, Ancestor
Identity, Transference


You were on level 7 of the Dungeon.
You worshipped Hepliaklqana.
Hepliaklqana was most pleased with you.
You were a hulking beast.
You visited 1 branch of the dungeon, and saw 6 of its levels.

You collected 171 gold pieces.

Inventory:

Missiles
 i - 9 javelins (quivered)
 u - 5 boomerangs
Jewellery
 y - a +6 ring of dexterity (left tentacle)
Talismans
 b - a beast talisman (active)
 c - a flux talisman
 m - a blade talisman
 B - a serpent talisman
Wands
 D - a wand of acid (4)
 F - a wand of polymorph (7)
Scrolls
 e - 2 scrolls of teleportation {unknown}
 f - a scroll of noise {unknown}
 j - 3 scrolls of immolation {unknown}
 k - a scroll of revelation {unknown}
 l - 2 scrolls of identify {unknown}
 p - a scroll of vulnerability {unknown}
 q - 2 scrolls of amnesia {unknown}
 s - a scroll of fear {unknown}
 v - a scroll of torment {unknown}
 w - a scroll of poison {unknown}
 x - a scroll of enchant weapon {unknown}
 E - a scroll of summoning {unknown}
 G - 2 scrolls of fog {unknown}
Potions
 a - a potion of lignification
 d - 2 potions of heal wounds {unknown}
 g - 3 potions of curing
 h - 3 potions of resistance {unknown}
 n - a potion of magic {unknown}
 o - 2 potions of attraction {unknown}
 r - a potion of mutation {unknown}
 t - a potion of brilliance {unknown}
 z - a potion of haste {unknown}
 A - a potion of enlightenment {unknown}
 C - a potion of invisibility {unknown}


   Skills:
 + Level 4.3 Fighting
 - Level 3.0 Dodging
 + Level 5.3 Unarmed Combat
 * Level 6.4 Shapeshifting


You had 7 spell levels left.
You didn't know any spells.
Your spell library contained the following spells:

 Spells                   Type           Power      Damage    Failure   Level
 Ensorcelled Hibernation  Hex/Ice        0%         N/A       43%         2
 Passwall                 Tmut/Erth      0%         N/A       43%         2
 Ozocubu's Armour         Ice            0%         N/A       67%         3
 Swiftness                Air            0%         N/A       67%         3
 Ozocubu's Refrigeration  Ice            0%         4d7       100%        7


Dungeon Overview and Level Annotations

Branches:
Dungeon (5/15)
 Temple: D:4-7

Altars:
Hepliaklqana
The Shining One

Annotations:
D:7 Joseph


Innate Abilities, Weirdness & Mutations

You are a hulking beast.
Your limbs bulge with bestial killing power. (Slay +3)
Your life essence is reduced to manifest your ancestor. (-10% HP)
You cannot wear most types of armour.
You are amphibious.
You can wear up to eight rings at the same time.
Your skin changes colour to match your surroundings (Stealth+).
Your rubbery body absorbs attacks. (AC +1, EV +1)
((You are camouflaged when in or above water. (Stealth+)))
You have tentacles for arms and can constrict up to eight enemies at once.


Message History

You swap places.
Key pressed, stopping explore.
You swap places.
There is a stone staircase leading down here.
You see here a +0 trident.
Found a glowing golden altar of the Shining One.
Found a short sword.
Found a stone staircase leading down.
Joseph, a Mercenary comes into view.
He is wielding a +0 quarterstaff.
Joseph shouts!
Joseph unwields a +0 quarterstaff.
Joseph wields a +0 sling.
Joseph shoots a sling bullet.
The sling bullet hits you.
Aiming: Corrosive Bolt
Press: ? - help, Shift-Dir - straight line, f - Joseph
Aim: Joseph, wielding a +0 sling and wearing a +0 leather armour (71% to hit)
The bolt of acid hits Joseph.
The acid corrodes Joseph!
Joseph is lightly wounded.
Unknown command.
Joseph shoots a sling bullet.
The sling bullet hits you!!
Quintus points at Joseph and mumbles some strange words.
Joseph easily resists.
Joseph shoots a sling bullet.
The sling bullet hits you!!
* * * LOW HITPOINT WARNING * * *
Okay, then.
It was a potion of curing.
You feel better.
Joseph shoots a sling bullet.
The sling bullet misses you.
Joseph shoots a sling bullet.
The sling bullet barely misses you.
Joseph shoots a sling bullet.
The sling bullet completely misses you.
Quintus hits Joseph with a +0 dagger of draining.
Quintus drains Joseph.
Quintus is recalled.
Found a stone staircase leading up.
Joseph unwields a +0 quarterstaff.
Joseph wields a +0 sling.
Joseph shoots a sling bullet.
The sling bullet misses you.
Joseph shoots a sling bullet.
The sling bullet hits you!
* * * LOW HITPOINT WARNING * * *
Joseph says, "I'm here to kill trespassers.
I like my job."
Joseph shoots a sling bullet.
The sling bullet hits Quintus!
Joseph shoots a sling bullet.
The sling bullet hits you!
You die...

##...# ##....... #....
##...###..
##...####..### #..
##....##...## #..
#.........## ##.
##........## #.
###.........# #.
###...........# ##.
.......h......## #..
...............#######..
....<..##.........##....
.....###...#######.....)
..... #...R.# ####...
.... #.....# ##.. ...
##..@.### #.. ...
##.....# ##. ##....# ##.


You could see the friendly Quintus the hexer and Joseph (ally target).

Vanquished Creatures
  A centaur (D:4)
  A phantom (D:4)
  An iguana (D:4)
  2 orc wizards (D:4)
  6 adders
  3 gnolls
  3 worms
  9 orcs
  7 ball pythons
  7 endoplasms
  3 giant cockroaches
  6 kobolds
  7 quokkas
  5 bats
  10 frilled lizards
  5 goblins
  8 rats
84 creatures vanquished.

Vanquished Creatures (collateral kills)
  Jeremiah (D:7)
  Sigmund (D:3)
  Ijyb (D:4)
  Natasha (thrice) (D:3)
  2 gnolls (D:2)
  5 orcs
  A bat (D:2)
  A hobgoblin (D:4)
  A kobold (D:3)
  A frilled lizard (D:2)
17 creatures vanquished.

Grand Total: 101 creatures vanquished

Notes
Turn   | Place    | Note
-------+----------+-------------------------------------------
     0 | D:1      | LeprechaunX the Octopode Shapeshifter began the quest for
                  | the Orb.
     0 | D:1      | Reached XP level 1. HP: 13/13 MP: 1/1
   119 | D:1      | Reached XP level 2. HP: 15/18 MP: 2/2
   615 | D:1      | Reached XP level 3. HP: 20/23 MP: 3/3
  1040 | D:2      | Found a faded altar of an unknown god.
  1053 | D:2      | Prayed at the altar of an unknown god.
  1053 | D:2      | Became a worshipper of Hepliaklqana the Forgotten
  1053 | D:2      | Reached * piety under Hepliaklqana
  1456 | D:2      | Reached XP level 4. HP: 13/26 MP: 4/4
  1860 | D:2      | Reached ** piety under Hepliaklqana
  1861 | D:2      | Remembered your ancestor Quintus as a hexer
  2010 | D:2      | Reached skill level 4 in Shapeshifting
  2010 | D:2      | Reached XP level 5. HP: 30/30 MP: 5/5
  2222 | D:3      | Noticed Natasha
  2225 | D:3      | Killed Natasha
  2234 | D:3      | Noticed Natasha
  2239 | D:3      | Killed Natasha
  2393 | D:3      | Noticed Sigmund
  2397 | D:3      | Killed Sigmund
  2398 | D:3      | Reached XP level 6. HP: 37/37 MP: 6/6
  2448 | D:3      | Reached skill level 5 in Shapeshifting
  2520 | D:3      | Noticed Natasha
  2544 | D:3      | Killed Natasha
  2635 | D:3      | Identified the +5 ring mail of Lialowku {rF- rN+ Dex+4}
  3327 | D:4      | Reached XP level 7. HP: 41/41 MP: 7/7
  3535 | D:4      | Noticed Ijyb
  3544 | D:4      | Killed Ijyb
  3660 | D:4      | Reached *** piety under Hepliaklqana
  3932 | D:5      | Entered Level 5 of the Dungeon
  3938 | D:5      | You fall into a shaft and drop 2 floors!
  3940 | D:7      | Upgraded the game from 0.31-a0-844-gdc52ec4e09 to
                  | 0.31-a0-845-g9abc20d24f
  4009 | D:7      | Noticed Jeremiah
  4022 | D:7      | Killed Jeremiah
  4023 | D:7      | Reached skill level 5 in Unarmed Combat
  4023 | D:7      | Reached skill level 6 in Shapeshifting
  4023 | D:7      | Reached XP level 8. HP: 48/48 MP: 8/8
  4249 | D:7      | Found a glowing golden altar of the Shining One.
  4271 | D:7      | Noticed Joseph
  4274 | D:7      | HP: 2/48 [Joseph/sling bullet (22)]
  4315 | D:7      | Shot with a sling bullet by Joseph

Illustrated notes

Levels and vault maps discovered:
D:1:      zelgadis_glass_arrival_small, layout_basic
D:2:      layout_basic, basic_ecumenical_altar
D:3:      layout_basic, uniq_natasha, uniq_sigmund
D:4:      layout_basic, uniq_ijyb
D:5:      layout_basic, nicolae_sif_muna_little_library,
          mainiacjoe_overflow_big_doors, grunt_decor_one_mirror, uniq_pikel
D:7:      layout_layer_cave, dancing_weapons_uskayaw,
          nicolae_tso_carved_into_rock, minmay_temple_entry_stoned_glass,
          minivault_24, uniq_joseph, uniq_jeremiah

Skill      XL: |  1  2  3  4  5  6  7 |
---------------+----------------------+-----
Fighting       | 2 3 4 |  4.3
Shapeshifting  | 4 5 6 |  6.4
Dodging        | 3 |  3.0
Unarmed Combat | 4 5 |  5.3

Action                     |  1- 3 |  4- 6 |  7- 9 || total
---------------------------+-------+-------+-------++-------
  Melee: Unarmed           |    62 |    73 |    34 ||   169
         Constrict         |    16 |    26 |     9 ||    51
         Tentacles         |    10 |    14 |     5 ||    29
         Punch             |     3 |     3 |     1 ||     7
  Throw: Javelin           |       |    13 |     9 ||    22
 Invoke: Ancestor Life: He |       |     1 |       ||     1
         Recall Ancestor   |       |       |     2 ||     2
  Evoke: Wand              |       |       |     1 ||     1
    Use: Potion            |       |       |     1 ||     1
   Stab: Sleeping          |     7 |     5 |       ||    12
         Confused          |       |     1 |     1 ||     2
         Distracted        |       |       |     1 ||     1
 Armour: Skin              |    32 |    19 |    23 ||    74
  Dodge: Dodged            |    29 |    36 |    17 ||    82

Table legend: (Time is in decaauts)
 A = Elapsed time spent in this place.
 B = Non-inter-level travel time spent in this place.
 C = Inter-level travel time spent in this place.
 D = Time resting spent in this place.
 E = Time spent auto-exploring this place.
 F = Levels seen in this place.
 G = Mean time per level.
                   A        B        C        D        E       F      G
               +--------+--------+--------+--------+--------+-----+--------+
         Total |   4312 |   4120 |    192 |    133 |   3297 |   6 |  718.7 |
       Dungeon |   4312 |   4120 |    192 |    133 |   3297 |   6 |  718.7 |
               +--------+--------+--------+--------+--------+-----+--------+

Top non-repeatable levels by time:
     D:2: 1180 daAuts
     D:4: 1081 daAuts
     D:1: 1036 daAuts
     D:3: 627 daAuts
     D:7: 380 daAuts
     D:5: 5 daAuts
